 Dungeon Crawl Stone Soup version bcrawl-1.23.3-19-gdc5968f444 (webtiles) character file.

Game seed: 4054102928723343661

5419 Freyura the Cruncher (level 10, -2/77 HPs)
             Began as a Demonspawn Gladiator on June 9, 2020.
             Was a Believer of Ru.
             Slain by Gastronok (9 damage)
             ... on level 9 of the Dungeon.
             The game lasted 00:26:14 (7949 turns).

Freyura the Cruncher (Demonspawn Gladiator)         Turns: 7949, Time: 00:26:14

Health: -2/77      AC:  8    Str: 14    XL:     10   Next: 40%
Magic:  14/14      EV: 13    Int: 10    God:    Ru [**....]
Gold:   665        SH:  0    Dex: 20    Spells: 9/9 levels left

rFire    . . .     SeeInvis +   C - +5 dire flail
rCold    . . .     Gourm    .   (shield currently unavailable)
rNeg     . . .     Faith    .   r - +1 scale mail
rPois    .         Spirit   .   (helmet restricted)
rElec    .         Reflect  .   (no cloak)
rCorr    +         Harm     .   (no gloves)
MR       .....                  (no boots)
Stlth    ..........             x - amulet of regeneration
HPRegen  0.64/turn              k - ring of see invisible
MPRegen  0.14/turn              h - ring of resist corrosion

@: no status effects
A: antennae 1, claws 2, talons 1, agile 1, foul stench 1, powered by death 1,
rot immunity, no stealth, hated by all, MP-powered wands
a: Renounce Religion


You were on level 9 of the Dungeon.
You worshipped Ru.
Ru was pleased with you.
You were not hungry.

You visited 1 branch of the dungeon, and saw 9 of its levels.

You collected 665 gold pieces.

Inventory:

Hand Weapons
 a - a +1 quarterstaff
 l - the +1 flail of Midnight {flame, rElec}
   (You found it on level 5 of the Dungeon)

   It has been specially enchanted to burn those struck by it, causing extra
   injury to most foes and up to half again as much damage against particularly
   susceptible opponents.
   It insulates you from electricity.
 C - a +5 dire flail (weapon)
Missiles
 d - 3 throwing nets (quivered) {!f}
Armour
 r - a +1 scale mail (worn)
Jewellery
 h - a ring of resist corrosion (right claw)
 k - a ring of see invisible (left claw)
 x - an amulet of regeneration (around neck)
Wands
 c - a wand of random effects (8)
 m - a wand of paralysis (7)
 o - a wand of disintegration (34)
 p - a wand of flame (18)
 w - a wand of clouds (7)
 A - a wand of digging (9)
 E - a wand of iceblast (11)
Scrolls
 j - 2 scrolls of remove curse
 n - a scroll of fear
 s - a scroll of fog
 t - 2 scrolls of enchant armour
 v - a scroll of blinking
 y - a scroll of amnesia
 B - 2 scrolls of identify
 D - 3 scrolls of vulnerability {unknown}
Potions
 b - a potion of lignification {unknown}
 f - a potion of cancellation
 g - a potion of degeneration {unknown}
 i - a potion of curing
 q - a potion of resistance
 u - a potion of ambrosia {unknown}
 z - a potion of flight {unknown}
Comestibles
 e - 20 rations {!d}


   Skills:
 + Level 6.7 Fighting
 * Level 3.0(6.1) Maces & Flails
 - Level 8.3(8.5) Staves
 - Level 1.7 Throwing
 + Level 5.8 Armour
 + Level 6.5 Dodging
 + Level 5.3 Evocations


You had 9 spell levels left.
You didn't know any spells.
Your spell library was empty.

Dungeon Overview and Level Annotations

Branches:
Dungeon (9/12)             Temple (0/1) D:7             Orc (0/1) D:9
   Lair: D:7-9

Altars:
Dithmenos
Fedhas
Kikubaaqudgha
Lugonu
Okawaru
Qazlal
Ru
Sif Muna
Trog
Uskayaw
Vehumet
Wu Jian
Xom
Yredelemnul
Zin

Shops:
D:8 [(!*%

Annotations:
D:9 Gastronok


Innate Abilities, Weirdness & Mutations

You have a pair of small antennae on your head.
You have very sharp fingernails.
You have sharp toenails.
You may emit foul miasma when damaged in melee.
You regenerate a little health from kills.
You are immune to rotting.
You cannot be stealthy.
You are hated by all.
You are agile. (Dex +2)
You expend magic power (3 MP) to strengthen your wands.


Message History

The puff of frost hits the white imp.
The white imp resists.
You hit Gastronok. You claw Gastronok.
Gastronok is moderately wounded.
Gastronok bites you!!
The crimson imp blinks!
You are too injured to fight recklessly!
You are too injured to fight recklessly!
You are too injured to fight recklessly!
You sock Gastronok! You claw Gastronok.
Gastronok is moderately wounded.
Gastronok begins to cast a spell, but is stunned by your will!
You sock Gastronok! You claw Gastronok.
Gastronok is heavily wounded.
The white imp begins to attack, but is stunned by your will!
Gastronok bites you!!
* * * LOW HITPOINT WARNING * * *
You puncture Gastronok! You claw Gastronok, but do no damage.
Gastronok is heavily wounded.
Gastronok's eyestalks quiver as he mumbles some strange words.
Gastronok bites you!
You die...

#.....# #.######
#.###.# #......#
####.###.#####..>##.#
#(...............##.#
###.###.####....)..##.#
...........###...####.#
###.###.##.# #...# #.#
###.# # ##### #.# #.@b#
#.# #w### #.. .r5 #.#
?..b< #.# #.?... #.#
#..... #######.# ##....
......... ####.
........# #########


You could see Gastronok, a river rat, a white imp and 2 bats.

Vanquished Creatures
  Erolcha (D:9)
  A yaktaur (D:8)
  2 hippogriffs
  Grinder (D:6)
  A spriggan (D:8)
  A warg (D:9)
  2 water moccasins (D:8)
  4 orc warriors (D:9)
  3 ice beasts
  4 sky beasts
  4 ogres
  5 centaurs
  4 bullfrogs
  A scorpion (D:4)
  5 wights
  A howler monkey (D:9)
  A centaur zombie (D:4)
  2 crimson imps
  3 bullfrog skeletons
  4 hounds
  2 orc priests (D:9)
  4 orc wizards (D:9)
  An iguana (D:5)
  Terence (D:2)
  6 worker ants
  2 hound zombies
  Robin (D:2)
  3 howler monkey zombies
  5 gnolls
  2 howler monkey skeletons
  10 adders
  An adder zombie (D:7)
  An adder skeleton (D:6)
  A worm (D:2)
  3 dart slugs
  A leopard gecko (D:4)
  18 orcs
  2 ball pythons
  5 bats
  2 giant cockroaches
  5 hobgoblins
  13 jackals
  5 kobolds
  3 quokkas
  4 frilled lizards
  17 goblins
  A quokka skeleton (D:4)
  3 rats
172 creatures vanquished.

Vanquished Creatures (others)
  A hornet (D:7)
1 creature vanquished.

Grand Total: 173 creatures vanquished

Notes
Turn   | Place    | Note
-------+----------+-------------------------------------------
     0 | D:1      | Freyura the Demonspawn Gladiator began the quest for the
                  | Orb.
     0 | D:1      | Reached XP level 1. HP: 16/16 MP: 1/1
   116 | D:1      | Found a shimmering altar of Xom.
   278 | D:1      | Gained mutation: You are immune to rotting. [demonic
                  | ancestry]
   278 | D:1      | Reached XP level 2. HP: 5/22 MP: 2/2
   285 | D:1      | Reached skill level 3 in Staves
   288 | D:1      | HP: 1/22 [bat (1)]
   920 | D:2      | Found an ancient bone altar of Kikubaaqudgha.
   967 | D:2      | Reached skill level 1 in Armour
   967 | D:2      | Gained mutation: You have sharp fingernails. [demonic
                  | ancestry]
   967 | D:2      | Reached XP level 3. HP: 18/28 MP: 3/3
  1150 | D:2      | Found a stormy altar of Qazlal.
  1205 | D:2      | Noticed Terence
  1228 | D:2      | Killed Terence
  1228 | D:2      | Gained mutation: You have a pair of small antennae on your
                  | head. [demonic ancestry]
  1228 | D:2      | Reached XP level 4. HP: 27/34 MP: 4/4
  1375 | D:2      | Noticed Robin
  1419 | D:2      | Killed Robin
  2078 | D:3      | Gained mutation: You regenerate a little health from kills.
                  | [demonic ancestry]
  2078 | D:3      | Reached XP level 5. HP: 3/40 MP: 5/5
  2085 | D:3      | Reached skill level 4 in Staves
  2317 | D:3      | Found a corrupted altar of Lugonu.
  2317 | D:3      | Found an ornate altar of the Wu Jian Council.
  2976 | D:4      | Gained mutation: You are agile. (Dex +2) [potion of
                  | mutation]
  2976 | D:4      | Gained mutation: You expend magic power (3 MP) to
                  | strengthen your wands. [potion of mutation]
  2976 | D:4      | Gained mutation: You have very sharp fingernails. [potion
                  | of mutation]
  3109 | D:4      | Reached XP level 6. HP: 44/47 MP: 6/6
  3151 | D:4      | Noticed a sky beast
  3176 | D:4      | Killed a sky beast
  3432 | D:4      | Found a basalt altar of Yredelemnul.
  3622 | D:5      | Entered Level 5 of the Dungeon
  3827 | D:5      | Found a sacrificial altar of Ru.
  3837 | D:5      | Became a worshipper of Ru the Awakened
  4111 | D:5      | Noticed a +0 dagger
  4111 | D:5      | Noticed a +0 hand axe
  4148 | D:5      | Reached skill level 5 in Staves
  4192 | D:5      | Found a hide-covered altar of Uskayaw.
  4237 | D:5      | Got an iridescent flail
  4534 | D:6      | Reached XP level 7. HP: 51/53 MP: 7/7
  4611 | D:6      | Found a radiant altar of Vehumet.
  4613 | D:6      | Found a bloodstained altar of Trog.
  4613 | D:6      | Found a shimmering blue altar of Sif Muna.
  4614 | D:6      | Found a shimmering altar of Xom.
  4616 | D:6      | Found a glowing silver altar of Zin.
  4618 | D:6      | Found a blossoming altar of Fedhas.
  4731 | D:6      | Identified the cursed +1 flail of Midnight {flame, rElec}
                  | (You found it on level 5 of the Dungeon)
  4872 | D:6      | Reached skill level 1 in Evocations
  4896 | D:6      | Gained mutation: You are hated by all. [Ru sacrifice]
  4896 | D:6      | Reached * piety under Ru
  4902 | D:6      | Noticed Grinder
  4910 | D:6      | Paralysed by Grinder for 4 turns
  4919 | D:6      | Paralysed by Grinder for 2 turns
  4947 | D:6      | Killed Grinder
  4993 | D:6      | Noticed a hippogriff
  5009 | D:6      | Killed a hippogriff
  5009 | D:6      | Reached skill level 6 in Staves
  5009 | D:6      | Reached XP level 8. HP: 25/61 MP: 9/9
  5196 | D:6      | Found an iron altar of Okawaru.
  5381 | D:7      | Found a staircase to the Ecumenical Temple.
  5419 | D:7      | Noticed a hornet
  5434 | D:7      | Killed a hornet
  5434 | D:7      | Reached skill level 5 in Dodging
  5511 | D:7      | Reached skill level 5 in Fighting
  5574 | D:7      | Found a shadowy altar of Dithmenos.
  5815 | D:7      | Reached skill level 7 in Staves
  5848 | D:7      | Gained mutation: You have sharp toenails. [demonic
                  | ancestry]
  5848 | D:7      | Reached XP level 9. HP: 15/68 MP: 11/11
  6346 | D:8      | Noticed a yaktaur
  6368 | D:8      | Killed a yaktaur
  6455 | D:8      | Found Kennuepp's Food Shoppe.
  6468 | D:8      | Found a bloodstained altar of Trog.
  6657 | D:8      | Found Vuisk's Distillery.
  6678 | D:8      | Found Ynteenur's General Store.
  6778 | D:8      | Reached skill level 5 in Armour
  6907 | D:8      | Reached skill level 8 in Staves
  7127 | D:8      | Found Poubi's Armour Boutique.
  7184 | D:8      | Gained mutation: You cannot be stealthy. [Ru sacrifice]
  7184 | D:8      | Reached ** piety under Ru
  7269 | D:8      | Found Muhisaun's Weapon Shoppe.
  7542 | D:9      | Gained mutation: You may emit foul miasma when damaged in
                  | melee. [demonic ancestry]
  7542 | D:9      | Reached XP level 10. HP: 76/76 MP: 13/13
  7555 | D:9      | Reached skill level 1 in Maces & Flails
  7608 | D:9      | Reached skill level 5 in Evocations
  7667 | D:9      | Found a staircase to the Orcish Mines.
  7724 | D:9      | Noticed Erolcha
  7732 | D:9      | Killed Erolcha
  7939 | D:9      | Noticed Gastronok
  7949 | D:9      | Slain by Gastronok

Skill      XL: |  1  2  3  4  5  6  7  8  9 10 |
---------------+-------------------------------+-----
Staves         | 3 4 5 6 7 8 |  8.3
Armour         | 1 2 3 4 5 |  5.8
Dodging        | 3 4 5 6 |  6.5
Fighting       | 3 4 5 6 |  6.7
Evocations     | 2 3 4 5 |  5.3
Maces & Flails | 3 |  3.0
Throwing       | |  1.7

Action                   |  1- 3 |  4- 6 |  7- 9 | 10-12 || total
-------------------------+-------+-------+-------+-------++-------
Melee: Quarterstaff      |    67 |   218 |   337 |       ||   622
       Flail             |       |       |    22 |       ||    22
       Kick              |       |       |    41 |    36 ||    77
       Dire flail        |       |       |    17 |   100 ||   117
Invok: Sacrifice Love    |       |       |     1 |       ||     1
       Sacrifice Stealth |       |       |     1 |       ||     1
  Use: Scroll            |       |    11 |     4 |       ||    15
       Potion            |       |     3 |     3 |     1 ||     7
 Stab: Distracted        |       |       |     1 |       ||     1
       Invisible         |       |       |     1 |       ||     1
       Paralysed         |       |       |       |     2 ||     2
  Eat: Chunk             |     1 |    11 |     6 |     2 ||    20
       Ration            |       |       |     1 |       ||     1
Armor: Ring mail         |    47 |     8 |       |       ||    55
       Scale mail        |       |   100 |   126 |    24 ||   250
Dodge: Dodged            |    57 |   186 |   251 |    85 ||   579
